 Dungeon Crawl Stone Soup version 0.30-b1-2-g02819fbbbe (webtiles) character file.

Game seed: 15555339952616136292

61 dorian the Chopper (level 4, -7/35 HPs)
             Began as a Formicid Gladiator on May 18, 2023.
             Killed by nerve-wracking pain
             ... invoked by Grinder
              (13 damage)
             ... on level 3 of the Dungeon.
             The game lasted 00:01:38 (1742 turns).

dorian the Chopper (Formicid Gladiator)             Turns: 1742, Time: 00:01:39

Health: -7/35      AC:  5    Str: 20    XL:     4   Next: 27%
Magic:  4/4        EV: 11    Int:  8    God:
Gold:   128        SH:  0    Dex: 15    Spells: 3/3 levels left

rFire   . . .        a - +0 war axe
rCold   . . .        (no shield)
rNeg    . . .        k - +0 ring mail
rPois   .            (helmet unavailable)
rElec   .            (no cloak)
rCorr   .            (no gloves)
SInv    +            (no boots)
Will    .....        i - amulet of the acrobat
Stlth   +            (no ring)
HPRegen 0.25/turn    (no ring)
MPRegen 0.09/turn

%: acrobat
@: no status effects
A: permanent stasis, dig shafts and tunnels, antennae 3, four strong arms
a: Dig, Shaft Self


You were on level 3 of the Dungeon.
You visited 1 branch of the dungeon, and saw 3 of its levels.

You collected 128 gold pieces.

Inventory:

Hand Weapons
 a - a +0 war axe (weapon)
Armour
 b - a +0 leather armour
 k - a +0 ring mail (worn)
Jewellery
 i - an amulet of the acrobat (around neck)
Scrolls
 e - 2 scrolls of identify {unknown}
 f - 2 scrolls of poison {unknown}
 h - a scroll of silence {unknown}
 j - a scroll of blinking {unknown}
 o - a scroll of magic mapping {unknown}
Potions
 g - a potion of curing {unknown}
 l - a potion of resistance {unknown}
 m - a potion of brilliance {unknown}
 n - a potion of berserk rage {unknown}
 p - a potion of cancellation {unknown}


   Skills:
 + Level 3.0 Fighting
 * Level 4.0 Axes
 - Level 2.0 Throwing
 + Level 1.6 Armour
 - Level 2.6 Dodging


You had 3 spell levels left.
You didn't know any spells.
Your spell library was empty.

Dungeon Overview and Level Annotations

Branches:
Dungeon (3/15)

Altars:

Shops:
D:1 ?

Annotations:
D:3 1 transporter, Grinder


Innate Abilities, Weirdness & Mutations

You cannot be hasted, slowed, berserked, paralysed or teleported.
You can dig through walls and to a lower floor.
You have a pair of large antennae on your head. (SInv)
Your four strong arms can wield two-handed weapons with a shield.


Message History

You hit Grinder.
Grinder is moderately wounded.
Grinder hits you but does no damage.
You barely miss Grinder.
Grinder is moderately wounded.
Grinder closely misses you.
You barely miss Grinder.
Grinder is moderately wounded.
Grinder barely misses you. x2
You hit Grinder but do no damage.
Grinder is moderately wounded.
Grinder barely misses you.
You closely miss Grinder.
Grinder is moderately wounded.
Grinder gestures at you.
Your stasis prevents you from being paralysed.
You hit Grinder.
Grinder is moderately wounded.
Grinder hits you. Grinder barely misses you.
You slash Grinder!
Grinder is heavily wounded.
Grinder hits you.
You writhe in agony.
You hit Grinder.
Grinder is severely wounded.
Grinder hits you but does no damage.
You slash Grinder!
Grinder is almost dead.
Grinder hits you!
* * * LOW HITPOINT WARNING * * *
You writhe in agony.
* * * LOW HITPOINT WARNING * * *
Grinder closely misses you.
You hit Grinder.
Grinder is almost dead.
Grinder closely misses you.
You closely miss Grinder.
Grinder is almost dead.
Grinder gestures at you. Pain shoots through your body!
You die...

.. . #.#. ##...
...# #..# #..#
#..##########
######(..5@.......
.....(..##########
######..#####
#...........#
............#
###########.#
....o55#~8#.#
≈≈≈≈≈≈≈#.P#.##
..~~~..#.$#..##


You could see Grinder.

Vanquished Creatures
  2 adders (D:2)
  2 worms (D:2)
  A dart slug (D:1)
  10 goblins
  2 hobgoblins
  6 jackals (D:2)
  5 bats
  A frilled lizard (D:1)
  3 kobolds
32 creatures vanquished.

Vanquished Creatures (others)
  2 withered plants (D:2)
2 creatures vanquished.

Grand Total: 34 creatures vanquished

Notes
Turn   | Place    | Note
-------+----------+-------------------------------------------
     0 | D:1      | dorian the Formicid Gladiator began the quest for the Orb.
     0 | D:1      | Reached XP level 1. HP: 16/16 MP: 1/1
   190 | D:1      | Found Siruphamoi's Magic Scroll Boutique.
   426 | D:1      | Reached XP level 2. HP: 23/23 MP: 2/2
   701 | D:2      | Reached skill level 1 in Armour
   701 | D:2      | Reached XP level 3. HP: 28/28 MP: 3/3
  1017 | D:2      | Reached XP level 4. HP: 32/34 MP: 4/4
  1169 | D:2      | Found a faded altar of an unknown god.
  1285 | D:2      | Reached skill level 4 in Axes
  1610 | D:3      | Found a transporter.
  1619 | D:3      | Noticed Grinder
  1742 | D:3      | Killed from afar by Grinder

Illustrated notes

Levels and vault maps discovered:
D:1:      dpeg_arrival_connections, layout_loops_ring, serial_shops, shop,
          minmay_misc_feat_tiny
D:2:      kennysheep_the_goblin_king, layout_loops_ring,
          ebering_ecumenical_altar_petrified, minmay_tromino_v4_c
D:3:      gammafunk_wand_slinger, layout_loops_ring, uniq_grinder

Skill      XL: |  1  2  3  4 |
---------------+-------------+-----
Armour         | 1 |  1.6
Axes           | 4 |  4.0
Fighting       | 3 |  3.0
Throwing       | |  2.0
Dodging        | |  2.6

Action                     |  1- 3 |  4- 6 || total
---------------------------+-------+-------++-------
  Melee: War axe           |    66 |    38 ||   104
  Throw: Throwing net      |       |     3 ||     3
         Javelin           |       |     1 ||     1
 Armour: Leather armour    |    13 |       ||    13
         Ring mail         |    38 |    11 ||    49
  Dodge: Dodged            |    77 |    13 ||    90
